 Dungeon Crawl Stone Soup version 0.21-a0-186-g02e8684 (webtiles) character file.

4886 4thArraOfDagon the Basher (level 10, -6/86 HPs)
             Began as a Demigod Fighter on Aug 12, 2017.
             Mangled by a meliai
             ... wielding a +0 hand axe
              (9 damage)
             ... on level 10 of the Dungeon on Aug 13, 2017.
             The game lasted 00:18:55 (5260 turns).

4thArraOfDagon the Basher (Demigod Fighter)         Turns: 5260, Time: 00:18:56

Health: -6/86      AC: 10    Str: 19    XL:     10   Next: 6%
Magic:  13/13      EV: 13    Int: 16    God:
Gold:   218        SH:  0    Dex: 15    Spells: 9/9 levels left

rFire    . . .     SeeInvis .   a - +1 flail
rCold    + . .     Gourm    .   (no shield)
rNeg     . . .     Faith    .   b - +0 scale mail
rPois    +         Spirit   .   (helmet restricted)
rElec    .         Reflect  .   (no cloak)
rCorr    .         Harm     .   r - +0 pair of gloves
MR       +....     Rnd*Rage +   D - +0 pair of boots
Stlth    ..........             (no amulet)
HPRegen  0.24/turn              H - ring of poison resistance
MPRegen  0.13/turn              (no ring)

@: no status effects
A: beak, berserk 1, cold resistance 1, high mp 1, weak 1, subdued magic 1
a: no special abilities


You were on level 10 of the Dungeon.
You were not hungry.

You visited 1 branch of the dungeon, and saw 10 of its levels.
You also visited: Ossuary.

You collected 318 gold pieces.
You spent 100 gold pieces at shops.

Inventory:

Hand Weapons
 a - a +1 flail (weapon)
 j - a +1 demon trident of venom
Missiles
 o - 6 tomahawks of returning (quivered)
Armour
 b - a +0 scale mail (worn)
 r - a +0 pair of gloves (worn)
 D - a +0 pair of boots (worn)
Magical Staves
 p - an uncursed staff of poison {unknown}
Jewellery
 l - an uncursed ring of teleportation
 y - a -3 ring of slaying
 H - a ring of poison resistance (left hand)
Wands
 C - a wand of random effects (40/48)
Scrolls
 c - 3 scrolls of recharging
 e - 3 scrolls of fog
 i - 3 scrolls of identify
 k - a scroll of remove curse
 n - 2 scrolls of enchant weapon
 v - 3 scrolls of blinking
 x - a scroll of noise
 F - a scroll of teleportation {unknown}
 G - a scroll of immolation {unknown}
Potions
 d - a potion of lignification
 m - 3 potions of brilliance
 q - 2 potions of curing
 t - a potion of degeneration
 w - 2 potions of might
 z - a potion of flight
 A - a potion of invisibility
 E - a potion of magic {unknown}
Books
 h - a book of Maledictions

   Spells                             Type                      Level
   a - Corona                         Hexes                        1
   b - Ensorcelled Hibernation        Hexes/Ice                    2
   c - Confuse                        Hexes                        3
   d - Tukima's Dance                 Hexes                        3
   e - Dazzling Spray                 Conjuration/Hexes            3
 u - a book of Air

   Spells                             Type                      Level
   a - Shock                          Conjuration/Air              1
   b - Swiftness                      Charms/Air                   2
   c - Static Discharge               Conjuration/Air              3
   d - Airstrike                      Air                          4
   e - Lightning Bolt                 Conjuration/Air              5
 B - a book of Debilitation

   Spells                             Type                      Level
   a - Corona                         Hexes                        1
   b - Slow                           Hexes                        2
   c - Inner Flame                    Hexes/Fire                   3
   d - Portal Projectile              Hexes/Translocation          3
   e - Cause Fear                     Hexes                        4
   f - Leda's Liquefaction            Hexes/Earth                  4
Comestibles
 f - 2 bread rations
 g - 2 meat rations


   Skills:
 + Level 7.0 Fighting
 * Level 9.2 Maces & Flails
 + Level 6.7 Armour
 + Level 5.4 Dodging
   Level 2.6 Shields


You had 9 spell levels left.
You didn't know any spells.

Dungeon Overview and Level Annotations

Branches:
Dungeon (10/15)
 Temple: D:4-7         Lair: D:8-11         Orc: D:9-12

Shops:
D:4 ![((}   D:8 ?   D:9 (

Annotations:
D:10 1 runed door


Innate Abilities, Weirdness & Mutations

You have an increased reservoir of magic. (+10% MP)
You have a beak for a mouth.
You tend to lose your temper in combat.
Your flesh is cold resistant. (rC+)
You are weak. (Str -2)
Your spells are a little easier to cast, but a little less powerful.


Message History

* * * LOW HITPOINT WARNING * * *
Unknown command.
You hit the meliai. You peck the meliai, but do no damage.
The meliai is almost dead.
The meliai hits you but does no damage. The meliai stings you.
* * * LOW HITPOINT WARNING * * *
The meliai hits you with a hand axe.
* * * LOW HITPOINT WARNING * * *
The meliai barely misses you.
Unknown command.
You hit the meliai but do no damage. Your peck misses the meliai.
The meliai is almost dead.
The meliai barely misses you. x2
Unknown command.
Unknown command.
You hit the meliai.
The meliai is almost dead.
The meliai hits you but does no damage. The meliai barely misses you.
The meliai hits you but does no damage. The meliai stings you!
You die...

#............#...........#
#..........>............Y.
#............###.#....Y...
#.........................
#..........#.###.########.
##########.......#
#.#####..# #.######.###
#...@....... #..y#########
#..#.........
##.#.######## #.##.#..###
. #..#.(..+.##C#.
##.###..#c##.## .
#####H#[):# ##[#)#


You could see a meliai.

Vanquished Creatures
  A centaur warrior (D:10)
  A cyclops (D:10)
  A gargoyle (D:10)
  A yak (D:10)
  An orc warrior (D:10)
  2 ice beasts
  A water moccasin (D:8)
  A phantom (D:9)
  2 black bears
  An ogre (D:9)
  A necrophage (D:7)
  4 sky beasts
  Blork the orc (D:4)
  4 bullfrogs
  4 scorpions
  5 killer bees (D:9)
  5 wights (D:9)
  A crimson imp (D:9)
  4 bullfrog zombies (Ossuary)
  A howler monkey (D:4)
  3 centaur zombies (Ossuary)
  2 bullfrog skeletons
  2 jellies
  3 orc priests
  A centaur skeleton (D:5)
  2 hounds
  An iguana (D:8)
  14 mummies (Ossuary)
  4 orc wizards
  3 worker ants
  A killer bee zombie (Ossuary)
  2 hound zombies
  A hound skeleton (D:7)
  A worker ant zombie (D:6)
  12 adders
  A shadow imp (D:6)
  3 adder skeletons (D:7)
  3 adder zombies
  A leopard gecko (D:2)
  11 orcs
  A giant cockroach (D:3)
  3 goblins
  3 hobgoblins
  3 jackals (D:6)
  A quokka (D:7)
  A ball python (D:9)
  2 bats
  2 kobolds
  2 leopard gecko zombies (Ossuary)
  2 rats (D:3)
133 creatures vanquished.

Vanquished Creatures (others)
  2 withered plants (Ossuary)
2 creatures vanquished.

Grand Total: 135 creatures vanquished

Notes
Turn   | Place    | Note
-------+----------+-------------------------------------------
     0 | D:1      | 4thArraOfDagon the Demigod Fighter began the quest for the Orb.
     0 | D:1      | Reached XP level 1. HP: 18/18 MP: 3/3
    46 | D:1      | Reached skill level 2 in Maces & Flails
   136 | D:2      | Found a hazy altar of Hepliaklqana.
   173 | D:2      | Reached XP level 2. HP: 21/25 MP: 4/4
   465 | D:3      | Reached XP level 3. HP: 25/31 MP: 5/5
   529 | D:4      | Found Ukkauk's Antique Armour Emporium.
   581 | D:4      | Found Cesygub's Distillery.
   593 | D:4      | Bought a potion of haste for 100 gold pieces
   618 | D:4      | Reached skill level 3 in Maces & Flails
   618 | D:4      | Reached XP level 4. HP: 30/38 MP: 6/6
   664 | D:4      | Found Yjoehe's Gadget Shoppe.
   699 | D:4      | Found Pimoetut's Weapon Shop.
   724 | D:4      | Noticed a bullfrog
   738 | D:4      | Killed a bullfrog
   738 | D:4      | Reached XP level 5. HP: 17/45 MP: 7/7
   760 | D:4      | Found Qoequzedd's Antique Weapon Shoppe.
   766 | D:4      | You fall through a shaft!
   766 | D:5      | Entered Level 5 of the Dungeon
   970 | D:5      | Reached skill level 4 in Maces & Flails
   979 | D:5      | Found a sacrificial altar of Ru.
  1061 | D:4      | Noticed Blork the orc
  1070 | D:4      | Killed Blork the orc
  1070 | D:4      | Reached XP level 6. HP: 37/52 MP: 8/8
  1494 | D:6      | Reached skill level 5 in Maces & Flails
  1494 | D:6      | Reached skill level 1 in Dodging
  1497 | D:6      | Gained mutation: You have a beak for a mouth. [mutagenic meat]
  1499 | D:6      | Gained mutation: You are robust. (+10% HP) [mutagenic meat]
  1500 | D:6      | Gained mutation: You are covered in fur. (AC +1) [mutagenic meat]
  1501 | D:6      | Gained mutation: You are weak. (Str -2) [mutagenic meat]
  1631 | D:6      | Upgraded the game from 0.21-a0-185-g3a6ed1e to 0.21-a0-186-g02e8684
  1708 | D:5      | Reached XP level 7. HP: 43/64 MP: 9/9
  2212 | D:7      | Reached skill level 6 in Maces & Flails
  2383 | D:7      | HP: 2/66 [something (5)]
  2567 | D:7      | Reached skill level 5 in Fighting
  2649 | D:8      | Reached XP level 8. HP: 57/74 MP: 10/10
  2688 | D:8      | Reached skill level 5 in Armour
  2717 | D:8      | Gained mutation: You tend to lose your temper in combat. [mutagenic meat]
  2718 | D:8      | Gained mutation: Your spells are a little easier to cast, but a little less powerful. [mutagenic meat]
  2719 | D:8      | Lost mutation: You are robust. (+10% HP) [mutagenic meat]
  2720 | D:8      | Gained mutation: Your flesh is cold resistant. (rC+) [mutagenic meat]
  2788 | D:8      | Noticed a two-headed ogre
  2882 | D:8      | Found a sand-covered staircase.
  2896 | Ossuary  | Entered an ossuary
  2999 | Ossuary  | Reached skill level 7 in Maces & Flails
  3779 | D:8      | Found Nearghad's Magic Scroll Boutique.
  3904 | D:9      | Identified a scroll of acquirement
  3911 | D:9      | Reached XP level 9. HP: 41/75 MP: 11/11
  4435 | D:9      | Reached skill level 8 in Maces & Flails
  4623 | D:9      | Found Xunwum's Weapon Boutique.
  4740 | D:10     | Entered Level 10 of the Dungeon
  4752 | D:10     | Lost mutation: You are covered in fur. (AC +1) [mutagenic meat]
  4818 | D:10     | Found a runed door.
  4942 | D:10     | Found a runed door.
  4942 | D:10     | Noticed a centaur warrior
  4959 | D:10     | Killed a centaur warrior
  4959 | D:10     | Reached skill level 9 in Maces & Flails
  4959 | D:10     | Reached skill level 5 in Dodging
  4961 | D:10     | Noticed a centaur warrior
  4962 | D:10     | Noticed a gargoyle
  4962 | D:10     | Noticed a cyclops
  5078 | D:10     | Killed a cyclops
  5078 | D:10     | Reached XP level 10. HP: 37/86 MP: 13/13
  5258 | D:10     | HP: 3/86 [meliai/hand axe (2)]
  5260 | D:10     | Mangled by a meliai

Vault maps used:
D:1:      tarquinn_simple_flora_water_e
D:2:      lemuel_doored_altar
D:3:      first_bread, serial_bayou_ford_a, minmay_surrounded,
          uniq_crazy_yiuf_cottage, uniq_grinder
D:4:      temple_green, serial_shops, shop, shop, nicolae_shop_stone, shop,
          shop_statue, minmay_misc_feat_plants, uniq_blork_the_orc
D:5:      hangedman_ru_absence
D:6:      serial_co_window_serial, co_window_corner_a, co_window_corner_a,
          co_window_paths_a, co_window_paths_a, co_window_corner_a,
          co_window_paths_b, co_window_of_opportunity_a, co_window_corner_a,
          co_window_corner_a, co_window_of_opportunity_b, co_window_corner_ca,
          co_window_corner_cb, co_window_2corner, glass_columns_a,
          glass_columns_a, glass_columns_b, glass_columns_a, minivault_14
D:8:      serial_shops, shop, chequers_ossuary_entry_cave
D:9:      serial_shops, shop
D:10:     minmay_the_grid_triangle_9x9_recursive_2_mashed, david_lair_generic,
          hangedman_fish_farm
Ossuary:  ossuary_zaba_flooded

Skill      XL: |  1  2  3  4  5  6  7  8  9 |
---------------+----------------------------+-----
Maces & Flails | 2 3 4 5 6 7 9 |  9.2
Fighting       | 3 4 5 6 7 |  7.0
Armour         | 3 4 5 6 |  6.7
Dodging        | 1 2 4 5 |  5.4
Shields        | |  2.6

Action                   |  1- 3 |  4- 6 |  7- 9 | 10-12 || total
-------------------------+-------+-------+-------+-------++-------
Melee: Flail             |    52 |   101 |   458 |    17 ||   628
       Peck              |       |     1 |   110 |     4 ||   115
       Demon trident     |       |       |    39 |       ||    39
Evoke: Wand              |       |       |     1 |       ||     1
  Use: Scroll            |       |     5 |    14 |       ||    19
       Potion            |       |     1 |    10 |     1 ||    12
  Eat: Chunk             |       |     5 |    10 |       ||    15
       Royal jelly       |       |     2 |     3 |       ||     5
       Meat ration       |       |       |     1 |       ||     1
Armor: Scale mail        |    25 |    40 |   197 |    12 ||   274
Dodge: Dodged            |    26 |    57 |   257 |    19 ||   359
